 Dungeon Crawl Stone Soup version 0.23.2-1-ga50397a (webtiles) character file.

Game seed: 14842602264985174617

1642 whitewolfNL the Ruffian (level 8, -5/79 HPs)
             Began as a Troll Berserker on May 8, 2019.
             Was a Priest of Trog.
             Slain by a wight
             ... wielding a cursed +2 spear of freezing
              (7 damage)
             ... on level 6 of the Dungeon.
             The game lasted 00:18:38 (4177 turns).

whitewolfNL the Ruffian (Troll Berserker)           Turns: 4177, Time: 00:18:39

Health: -5/79      AC:  8    Str: 27    XL:     8   Next: 67%
Magic:  0/7        EV: 10    Int:  3    God:    Trog [***...]
Gold:   164        SH:  2    Dex: 10    Spells: 7/7 levels left

rFire    . . .     SeeInvis .     - Unarmed
rCold    . . .     Gourm    +   (no shield)
rNeg     . . .     Faith    .   B - +2 robe {MR+}
rPois    .         Spirit   +   (helmet restricted)
rElec    .         Reflect  +   g - scarf {Spirit}
rCorr    .         Harm     .   (gloves unavailable)
MR       +++..                  (boots unavailable)
Stlth    ..........             r - +2 amulet of reflection
HPRegen  1.63/turn              y - ring of attention (curse)
MPRegen  0.10/turn              (no ring)

@: berserk cooldown, regenerating, heavily drained
A: large, unfitting armour, claws 3, fast metabolism 3, gourmand, regeneration
1, shaggy fur 1, tough skin 3
a: Berserk, Trog's Hand, Renounce Religion


You were on level 6 of the Dungeon.
You worshipped Trog.
Trog was most pleased with you.
You were very full.

You visited 1 branch of the dungeon, and saw 6 of its levels.
You also visited: Ossuary.

You collected 164 gold pieces.

Inventory:

Missiles
 c - 49 arrows
 d - 150 stones (quivered)
 h - 57 sling bullets
 u - 43 bolts
 v - 2 throwing nets
 z - 3 javelins
 C - 4 javelins of returning
 D - 4 tomahawks
Armour
 g - a scarf of spirit shield (worn)
 B - a +2 robe of magic resistance (worn)
Jewellery
 r - a +2 amulet of reflection (around neck)
 y - a cursed ring of attention (left claw)
Wands
 a - a wand of acid (13)
 k - a wand of clouds (4)
Scrolls
 e - 2 scrolls of fog
 l - 6 scrolls of remove curse
 o - a scroll of immolation
 q - 2 scrolls of teleportation
Potions
 m - a potion of magic
 n - a potion of haste {unknown}
 p - a potion of flight {unknown}
 s - a potion of heal wounds {unknown}
 t - a potion of mutation
 w - a potion of agility
 x - a potion of might {unknown}
 A - 2 potions of berserk rage
Comestibles
 b - 13 rations


   Skills:
 + Level 4.6(2.9) Fighting
 * Level 3.9(2.2) Throwing
 + Level 4.2(2.5) Dodging
 - Level 2.0(0.4) Stealth
 + Level 7.4(5.6) Unarmed Combat


You had 7 spell levels left.
You didn't know any spells.
Your spell library was empty.

Dungeon Overview and Level Annotations

Branches:
Dungeon (6/15)             Temple (0/1) D:4

Altars:
Kikubaaqudgha

Shops:
D:4 %


Innate Abilities, Weirdness & Mutations

You are too large for most types of armour.
You have claws for hands.
Your metabolism is lightning-fast.
You like to eat raw meat.
Your natural rate of healing is unusually fast.
You are covered in fur. (AC +1)
You have extremely tough skin. (AC +3)


Message History

Items here: ))) [[[ †† You scratch the wight but do no damage.
You feel yourself speed up. The wight closely misses you.
The crimson imp blinks!
The wight hits you with a +2 morningstar!
* * * LOW HITPOINT WARNING * * *
You feel drained.
* * * LOW HITPOINT WARNING * * *
The wight hits you with a cursed +2 spear of freezing.
* * * LOW HITPOINT WARNING * * *
You feel drained.
* * * LOW HITPOINT WARNING * * *
The wight freezes you.
* * * LOW HITPOINT WARNING * * *
You claw the wight!
The wight is heavily damaged.
The wight hits you with a +2 morningstar.
* * * LOW HITPOINT WARNING * * *
The wight hits you with a cursed +2 spear of freezing!
You die...

### ..# . . #
#.####.^. ... #.
##).....#
##..#z##)..#
...?.).#@#######
......)zz§.....#
.......5.......#
..........§......
.....?......$.###
#.######....### .
#....# #....#
#...##


You could see 2 wights and a crimson imp.

Vanquished Creatures
  Pikel (D:4)
  Eustachio (D:4)
  An orc warrior (D:6)
  A phantom (D:4)
  A wyvern zombie (D:5)
  A scorpion (D:5)
  3 wights (D:6)
  A crimson imp (D:5)
  2 hounds
  A jelly (D:5)
  2 orc priests (D:5)
  A bullfrog skeleton (D:5)
  3 orc wizards (D:5)
  2 worker ants
  A mummy (Ossuary)
  7 gnolls
  10 adders
  An adder zombie (D:5)
  2 worms
  3 dart slugs
  3 leopard geckos
  20 orcs
  9 bats
  4 giant cockroaches
  A gnoll zombie (Ossuary)
  7 goblins
  13 hobgoblins
  6 jackals
  3 quokkas
  8 frilled lizards
  A hobgoblin zombie (Ossuary)
  8 kobolds
  A kobold zombie (Ossuary)
  12 rats
141 creatures vanquished.

Vanquished Creatures (others)
  A hound skeleton (D:4)
  A leopard gecko (D:4)
  An orc (D:4)
  A giant cockroach (D:4)
4 creatures vanquished.

Grand Total: 145 creatures vanquished

Notes
Turn   | Place    | Note
-------+----------+-------------------------------------------
     0 | D:1      | whitewolfNL the Troll Berserker began the quest for the
                  | Orb.
     0 | D:1      | Reached XP level 1. HP: 22/22 MP: 0/0
   199 | D:1      | Reached XP level 2. HP: 26/29 MP: 1/1
   493 | D:1      | Reached ** piety under Trog
   841 | D:2      | Reached XP level 3. HP: 36/36 MP: 2/2
   928 | D:2      | Reached skill level 1 in Throwing
   994 | D:2      | Found an ancient bone altar of Kikubaaqudgha.
  1491 | D:3      | Reached XP level 4. HP: 43/44 MP: 3/3
  1724 | D:3      | Reached skill level 4 in Unarmed Combat
  1755 | D:3      | Reached XP level 5. HP: 53/53 MP: 4/4
  1852 | D:3      | Reached *** piety under Trog
  2188 | D:4      | Reached skill level 1 in Stealth
  2193 | D:4      | Noticed Eustachio
  2246 | D:5      | Entered Level 5 of the Dungeon
  2373 | D:5      | Reached XP level 6. HP: 25/61 MP: 2/5
  2484 | D:5      | Reached skill level 5 in Unarmed Combat
  2498 | D:5      | Found a sand-covered staircase.
  2503 | Ossuary  | Entered an ossuary
  2510 | Ossuary  | Received a gift from Trog
  2522 | Ossuary  | HP: 3/61 [mummy (14)]
  2822 | D:5      | Reached XP level 7. HP: 56/67 MP: 6/6
  3486 | D:4      | Noticed Pikel
  3489 | D:4      | Killed Pikel
  3489 | D:4      | Reached skill level 6 in Unarmed Combat
  3489 | D:4      | Reached XP level 8. HP: 78/78 MP: 7/7
  3533 | D:4      | Killed Eustachio
  3775 | D:4      | Found a staircase to the Ecumenical Temple.
  3797 | D:4      | Received a gift from Trog
  3939 | D:4      | Found Linn's Food Shop.
  4136 | D:6      | Reached skill level 7 in Unarmed Combat
  4177 | D:6      | HP: 2/79 [wight/+2 morningstar (5)]
  4177 | D:6      | Slain by a wight

Skill      XL: |  1  2  3  4  5  6  7  8 |
---------------+-------------------------+-----
Throwing       | 1 2 3 |  3.9
Fighting       | 3 4 |  4.6
Unarmed Combat | 4 5 6 7 |  7.4
Stealth        | 1 2 |  2.0
Dodging        | 3 4 |  4.2

Action                   |  1- 3 |  4- 6 |  7- 9 || total
-------------------------+-------+-------+-------++-------
Melee: Unarmed           |   112 |   183 |   111 ||   406
       Punch             |     1 |     1 |       ||     2
Invok: Berserk           |     1 |     5 |     8 ||    14
       Trog's Hand       |       |     1 |     2 ||     3
  Use: Scroll            |       |     6 |     1 ||     7
       Potion            |       |     3 |     2 ||     5
 Stab: Sleeping          |     1 |       |       ||     1
  Eat: Chunk             |    20 |    14 |    20 ||    54
       Ration            |       |     1 |       ||     1
Armor: Animal skin       |    53 |    69 |    16 ||   138
       Robe              |       |       |    30 ||    30
Dodge: Dodged            |    67 |   106 |    70 ||   243
Block: Other             |       |       |     6 ||     6
